 Dungeon Crawl Stone Soup version 0.28-a0-653-g7e9dba17c3 (webtiles) character file.

Game seed: 6660030996905586390

110 Maken the Digger (level 4, -4/32 HPs)
             Began as a Gnoll Earth Elementalist on Oct 12, 2021.
             Slain by an orc wizard (5 damage)
             ... on level 3 of the Dungeon.
             The game lasted 00:07:38 (2936 turns).

Maken the Digger (Gnoll Earth Elementalist)         Turns: 2936, Time: 00:07:38

Health: -4/32      AC:  2    Str:  8    XL:     4   Next: 91%
Magic:  11/11      EV: 13    Int: 15    God:
Gold:   79         SH:  0    Dex: 12    Spells: 12/13 levels left

rFire   . . .      SeeInvis .   a - +6 short sword
rCold   . . .      Faith    .   (no shield)
rNeg    . . .      Spirit   .   b - +0 robe
rPois   .          Reflect  .   (no helmet)
rElec   .          Harm     .   (no cloak)
rCorr   .          Rampage  .   (no gloves)
Will    .....                   (no boots)
Stlth   +++.......              (no amulet)
HPRegen 0.10/turn               (no ring)
MPRegen 0.12/turn               (no ring)

@: no status effects
A: fangs 1, strong nose, distributed training
a: no special abilities


You were on level 3 of the Dungeon.
You visited 1 branch of the dungeon, and saw 3 of its levels.

You collected 79 gold pieces.

Inventory:

Hand Weapons
 a - a +6 short sword (weapon)
Missiles
 c - 10 stones
 e - 9 poisoned darts
Armour
 b - a +0 robe (worn)
Scrolls
 d - a scroll of identify


   Skills:
 + Level 1.2 Fighting
 + Level 1.2 Short Blades
 + Level 1.2 Long Blades
 + Level 1.2 Axes
 + Level 1.2 Maces & Flails
 + Level 1.2 Polearms
 + Level 1.2 Staves
 + Level 1.2 Slings
 + Level 1.2 Bows
 + Level 1.2 Crossbows
 + Level 1.2 Throwing
 + Level 1.2 Armour
 + Level 4.7 Dodging
 + Level 4.3 Stealth
 + Level 1.2 Shields
 + Level 1.2 Unarmed Combat
 + Level 5.1 Spellcasting
 + Level 1.0 Conjurations
 + Level 1.0 Hexes
 + Level 1.0 Summonings
 + Level 1.0 Necromancy
 + Level 1.0 Translocations
 + Level 2.3 Transmutations
 + Level 1.0 Fire Magic
 + Level 1.0 Ice Magic
 + Level 1.0 Air Magic
 + Level 5.5 Earth Magic
 + Level 1.0 Poison Magic
 + Level 1.4 Invocations
 + Level 1.2 Evocations


You had 12 spell levels left.
You knew the following spells:

 Your Spells              Type           Power      Damage    Failure   Level
a - Sandblast             Erth           40%        2d10      1%          1

Your spell library contained the following spells:

 Spells                   Type           Power      Damage    Failure   Level
 Passwall                 Tmut/Erth      12%        N/A       4%          2
 Stone Arrow              Conj/Erth      26%        3d8       13%         3
 Ensorcelled Hibernation  Hex/Ice        14%        N/A       16%         2
 Ignite Poison            Fire/Tmut/Pois 8%         N/A       26%         3
 Mephitic Cloud           Conj/Pois/Air  7%         N/A       30%         3
 Tukima's Dance           Hex            7%         N/A       30%         3
 Petrify                  Tmut/Erth      15%        N/A       32%         4
 Freezing Cloud           Conj/Ice/Air   3%         6-21      96%         5


Dungeon Overview and Level Annotations

Branches:
Dungeon (3/15)

Altars:

Annotations:
D:2 Sigmund


Innate Abilities, Weirdness & Mutations

You have very sharp teeth.
Your uncanny sense of smell can sniff out nearby items.
Your experience applies equally to all skills.


Message History

You completely miss the orc wizard.
The orc wizard is moderately wounded.
The orc wizard hits you with a +2 vampiric dagger.
The orc wizard draws strength from your wounds!
The orc misses you.
You hit the orc wizard.
The orc wizard is moderately wounded.
The orc wizard hits you with a +2 vampiric dagger.
The orc wizard draws strength from your wounds!
The orc hits you with a +0 short sword.
The orc wizard mumbles some strange words.
The orc wizard flickers and vanishes!
Deactivating autopickup; reactivate with Ctrl-A.
You see here a grey potion.
You feel less invigorated. Something hits you.
You see here a grey potion.
A magic dart appears from out of thin air!
The magic dart hits you! The orc hits you with a +0 short sword.
You bump into the rock wall.
Something barely misses you. The orc misses you.
Unknown command.
You bump into the rock wall.
Something hits you. The orc hits you with a +0 short sword.
You feel less confused. Something hits you.
* * * LOW HITPOINT WARNING * * *
The orc hits you but does no damage.
As you read the scroll labelled JIENLIOBODGH, it crumbles to dust.
It is a scroll of amnesia.
Really abort (and waste the scroll)?
Okay, then.
Something hits you.
* * * LOW HITPOINT WARNING * * *
The orc hits you with a +0 short sword.
* * * LOW HITPOINT WARNING * * *
As you read the scroll labelled MOD QOERUAT, it crumbles to dust.
It is a scroll of enchant weapon.
Your +5 short sword glows red for a moment.
Something hits you.
You die...

### ..#
#.#######
##+#####.#......
#.>.†..{........
#....#.o@#.####.
#....#.g.#.#
#.)..###.#.#
#.... #)#.#
#....
#.#.#######.
#####
#...........
###.######## ∆
#.#......#
#######.#.####.#


You could see an orc and a hobgoblin.

Vanquished Creatures
  Ijyb (D:3)
  Natasha (D:2)
  A gnoll (D:1)
  An adder (D:2)
  An orc (D:3)
  4 ball pythons
  7 bats
  An endoplasm (D:1)
  A giant cockroach (D:2)
  A hobgoblin (D:1)
  3 jackals (D:2)
  4 quokkas
  7 frilled lizards
  4 goblins
  4 kobolds
  A rat (D:3)
42 creatures vanquished.

Vanquished Creatures (others)
  14 plants (D:2)
14 creatures vanquished.

Grand Total: 56 creatures vanquished

Notes
Turn   | Place    | Note
-------+----------+-------------------------------------------
     0 | D:1      | Maken the Gnoll Earth Elementalist began the quest for the
                  | Orb.
     0 | D:1      | Reached XP level 1. HP: 13/13 MP: 6/6
    68 | D:1      | Reached XP level 2. HP: 20/20 MP: 5/7
   601 | D:1      | Reached XP level 3. HP: 25/25 MP: 7/9
   687 | D:1      | Reached skill level 5 in Spellcasting
  1622 | D:2      | Reached skill level 1 in Invocations
  1730 | D:2      | Noticed Natasha
  1735 | D:2      | Killed Natasha
  1736 | D:2      | Reached skill level 1 in Fighting
  1736 | D:2      | Reached skill level 1 in Short Blades
  1736 | D:2      | Reached skill level 1 in Long Blades
  1736 | D:2      | Reached skill level 1 in Axes
  1736 | D:2      | Reached skill level 1 in Maces & Flails
  1736 | D:2      | Reached skill level 1 in Polearms
  1736 | D:2      | Reached skill level 1 in Staves
  1736 | D:2      | Reached skill level 1 in Slings
  1736 | D:2      | Reached skill level 1 in Bows
  1736 | D:2      | Reached skill level 1 in Crossbows
  1736 | D:2      | Reached skill level 1 in Throwing
  1736 | D:2      | Reached skill level 1 in Armour
  1736 | D:2      | Reached skill level 1 in Shields
  1736 | D:2      | Reached skill level 1 in Unarmed Combat
  1736 | D:2      | Reached skill level 1 in Evocations
  1736 | D:2      | Reached XP level 4. HP: 30/32 MP: 6/11
  2050 | D:2      | Noticed Sigmund
  2092 | D:2      | HP: 1/32 [something (12)]
  2463 | D:3      | Noticed Ijyb
  2496 | D:3      | Killed Ijyb
  2497 | D:3      | Reached skill level 1 in Conjurations
  2497 | D:3      | Reached skill level 1 in Hexes
  2497 | D:3      | Reached skill level 1 in Summonings
  2497 | D:3      | Reached skill level 1 in Necromancy
  2497 | D:3      | Reached skill level 1 in Translocations
  2497 | D:3      | Reached skill level 1 in Fire Magic
  2497 | D:3      | Reached skill level 1 in Ice Magic
  2497 | D:3      | Reached skill level 1 in Air Magic
  2497 | D:3      | Reached skill level 1 in Poison Magic
  2935 | D:3      | HP: 1/32 [orc (3)]
  2936 | D:3      | Slain by an orc wizard

Illustrated notes

Levels and vault maps discovered:
D:1:      dpeg_arrival_rooms_c, layout_loops_corners,
          chequers_serial_rivers_small_b
D:2:      layout_loops_ring, basic_ecumenical_altar, basic_altar,
          hangedman_decor_riveting, serial_bayou_lagoon_b, uniq_natasha,
          uniq_sigmund
D:3:      layout_basic, uniq_terence, uniq_ijyb

Skill      XL: |  1  2  3  4 |
---------------+-------------+-----
Transmutations | 2 |  2.3
Spellcasting   | 5 |  5.1
Invocations    | 1 |  1.4
Fighting       | 1 |  1.2
Short Blades   | 1 |  1.2
Long Blades    | 1 |  1.2
Axes           | 1 |  1.2
Maces & Flails | 1 |  1.2
Polearms       | 1 |  1.2
Staves         | 1 |  1.2
Slings         | 1 |  1.2
Bows           | 1 |  1.2
Crossbows      | 1 |  1.2
Throwing       | 1 |  1.2
Armour         | 1 |  1.2
Shields        | 1 |  1.2
Unarmed Combat | 1 |  1.2
Evocations     | 1 |  1.2
Conjurations   | 1 |  1.0
Hexes          | 1 |  1.0
Summonings     | 1 |  1.0
Necromancy     | 1 |  1.0
Translocations | 1 |  1.0
Fire Magic     | 1 |  1.0
Ice Magic      | 1 |  1.0
Air Magic      | 1 |  1.0
Poison Magic   | 1 |  1.0
Dodging        | |  4.7
Stealth        | |  4.3
Earth Magic    | |  5.5

Action                   |  1- 3 |  4- 6 || total
-------------------------+-------+-------++-------
Melee: Unarmed           |   107 |    32 ||   139
       Bite              |     8 |       ||     8
       Short sword       |       |    13 ||    13
 Cast: Sandblast         |    20 |    19 ||    39
  Use: Scroll            |       |     5 ||     5
       Potion            |       |     1 ||     1
 Stab: Sleeping          |     2 |     2 ||     4
Armor: Robe              |    32 |    11 ||    43
Dodge: Dodged            |   112 |    49 ||   161

Table legend: (Time is in decaauts)
 A = Elapsed time spent in this place.
 B = Non-inter-level travel time spent in this place.
 C = Inter-level travel time spent in this place.
 D = Time resting spent in this place.
 E = Time spent auto-exploring this place.
 F = Levels seen in this place.
 G = Mean time per level.
                   A        B        C        D        E       F      G
               +--------+--------+--------+--------+--------+-----+--------+
         Total |   2936 |   2916 |     20 |    564 |   1832 |   3 |  978.7 |
       Dungeon |   2936 |   2916 |     20 |    564 |   1832 |   3 |  978.7 |
               +--------+--------+--------+--------+--------+-----+--------+

Top non-repeatable levels by time:
     D:1: 1877 daAuts
     D:2: 531 daAuts
     D:3: 527 daAuts
